 Dungeon Crawl Stone Soup version 0.30-a0-743-gbfdf073431 (webtiles) character file.

Game seed: 11511447700788948708

4281 lunkers the Carver (level 10, -4/112 (115) HPs)
             Began as a Meteoran Fighter on Feb 6, 2023.
             Was a Believer of Hepliaklqana.
             Succumbed to a death drake's foul vapour
             ... in a Gauntlet.
             The game lasted 00:10:40 (4315 turns).

lunkers the Carver (Meteoran Fighter)               Turns: 4315, Time: 00:10:41

HP:   -4/112 (115)  AC: 13    Str: 17    XL:     10   Next: 87%
MP:   4/11          EV: 14    Int: 12    God:    Hepliaklqana [**....]
Gold: 417           SH:  6    Dex: 23    Spells: 9/9 levels left

rFire   . . .      SeeInvis +    b - +2 long sword (holy)
rCold   . . .      Faith    .    c - +0 buckler
rNeg    . . .      Spirit   +    t - +0 scale mail
rPois   .          Reflect  .    (no helmet)
rElec   .          Harm     .    (no cloak)
rCorr   .          Rampage  .    z - +3 pair of gauntlets of War {Slay+5}
Will    +....      NoTele   +    f - +1 pair of boots Stlth
                                 g - amulet of guardian spirit
HPRegen 0.38/turn                l - ring of see invisible
MPRegen 0.12/turn                p - +6 ring of dexterity

@: berserking, lethally poisoned (-4 -> -70), slowed, glowing, lightly drained
A: reduced essence, sense surroundings 2, otherworldly, glowing, explore regen
a: Renounce Religion, Ancestor Life: Knight, Ancestor Life: Battlemage, Ancestor
Life: Hexer, Recall Ancestor, Ancestor Identity


You were in a Gauntlet.
You worshipped Hepliaklqana.
Hepliaklqana was pleased with you.
You visited 3 branches of the dungeon, and saw 11 of its levels.
You also visited: Gauntlet.

You collected 417 gold pieces.

Inventory:

Hand Weapons
 a - the +3 long sword "Oliecol" {drain, rC+}
   (You found it on level 7 of the Dungeon)

   rC:        It protects you from cold.
 b - a +2 long sword of holy wrath (weapon)
 d - a +0 long sword
Armour
 c - a +0 buckler (worn)
 f - a +1 pair of boots (worn)
 t - a +0 scale mail (worn)
 z - the +3 pair of gauntlets of War (worn) {Slay+5}
   (You found it in a Gauntlet)

   Slay:      It affects your accuracy & damage with ranged weapons and melee
   (+5).
Magical Staves
 A - a staff of air
Jewellery
 g - an amulet of guardian spirit (around neck)
 l - a ring of see invisible (left hand)
 p - a +6 ring of dexterity (right hand)
Wands
 i - a wand of roots (8)
 v - a wand of light (1)
 w - a wand of flame (6)
Scrolls
 e - 6 scrolls of identify
 j - 3 scrolls of magic mapping
 k - a scroll of fog
 m - 3 scrolls of teleportation
 o - a scroll of fear
 s - 2 scrolls of summoning
Potions
 h - 2 potions of curing
 q - 3 potions of haste
 r - 3 potions of heal wounds
 u - a potion of resistance
 x - a potion of attraction


   Skills:
 + Level 7.4 Fighting
 + Level 12.2 Long Blades
 - Level 3.6 Armour
 + Level 7.2 Dodging
 - Level 5.5 Shields
 - Level 6.0 Evocations


You had 9 spell levels left.
You didn't know any spells.
Your spell library contained the following spells:

 Spells                   Type           Power      Damage    Failure   Level
 Magic Dart               Conj           0%         1d3       80%         1
 Call Imp                 Summ           0%         N/A       91%         2
 Static Discharge         Conj/Air       0%         2-2/arc   91%         2
 Frozen Ramparts          Ice            0%         1d1       99%         3
 Mephitic Cloud           Conj/Pois/Air  0%         N/A       99%         3
 Vhi's Electric Charge    Tloc/Air       0%         N/A       99%         3
 Animate Armour           Summ/Erth      0%         N/A       100%        4
 Ice Form                 Ice/Tmut       0%         N/A       100%        4
 Summon Ice Beast         Ice/Summ       0%         N/A       100%        4
 Arcjolt                  Conj/Air       0%         1d10      100%        5
 Blade Hands              Tmut           0%         N/A       100%        5
 Lightning Bolt           Conj/Air       0%         1d11      100%        5
 Iron Shot                Conj/Erth      0%         9d1       100%        6


Dungeon Overview and Level Annotations

Branches:
Dungeon (8/15) Zot: 1039   Temple (1/1) D:6 Zot: 579    Lair (2/5) D:8 Zot: 998
Gauntlet (1/1) Zot: 239
  Swamp: Lair:2-3    Shoals: Lair:2-3     Snake: Lair:2-3    Spider: Lair:2-3

Altars:
Elyvilon
Fedhas
Gozag
Hepliaklqana
Kikubaaqudgha
Makhleb
Nemelex Xobeh
Qazlal
Ru
Sif Muna
Uskayaw
Vehumet
Xom
The Shining One

Annotations:
Gauntlet 7 transporters, 2 runed translucent doors


Innate Abilities, Weirdness & Mutations

Your life essence is reduced to manifest your ancestor. (-10% HP)
You passively map the area around you.
You are easily found by Zot.
You glow in the dark.
You regain HP and MP as you explore.


Message History

You feel extremely sick. The death drake breathes miasma at you.
The foul vapour engulfs you.
You are lethally poisoned!
* * * LOW HITPOINT WARNING * * *
Unknown command.
Unknown command.
You feel better.
You are engulfed in dark miasma.
You are poisoned.
You feel as though you will be slow longer.
* * * LOW HITPOINT WARNING * * *
You feel extremely sick.
The death drake bites you but does no damage. x2
You slash the death drake!
The death drake is heavily wounded.
You are engulfed in dark miasma.
You are lethally poisoned!
* * * LOW HITPOINT WARNING * * *
* * * LOW HITPOINT WARNING * * *
You feel extremely sick. The death drake closely misses you.
A red film seems to cover your vision as you go berserk!
You feel yourself moving faster!
You feel mighty!
You are engulfed in dark miasma.
You are lethally poisoned!
You feel as though you will be slow longer.
* * * LOW HITPOINT WARNING * * *
* * * LOW HITPOINT WARNING * * *
You feel extremely sick. The death drake breathes miasma at you.
The foul vapour engulfs you.
You are more poisoned.
You feel as though you will be slow longer.
* * * LOW HITPOINT WARNING * * *
The death drake bites you.
* * * LOW HITPOINT WARNING * * *
Unknown command.
You slice the death drake!!
The death drake is almost dead.
You die...

## ### ### ### ### *##
≈###≈###≈###≈###≈###≈##
≈≈#≈≈≈#≈≈≈#≈≈≈#≈≈≈#≈≈≈#
....................≈#
#######...#########.## *
#...###.⌠.#©#°°°@°#.≈##
#..(###...#.#°###k#.≈≈# **
.##+x######...#..Z#.≈## ..,
.#©#xx#©.©#####.###.## ⌠.#
.+##x##.⌠.#Z....#©#..##....
#.Xx###...#.#####"#...#.⌠.#
*
#.Xx###.⌠.#....$[.#.∩.#...#
#######...#########...#.©.#
,
......#.⌠.....#.....⌠.#...#
,


You could see a death drake and a spectral wolf spider.

Vanquished Creatures
  A moth of wrath (Gauntlet)
  An unseen horror (D:7)
  4 yaks (Lair:1)
  3 water moccasins
  2 orc warriors
  An ice beast (D:7)
  A black bear (D:6)
  6 wolves (Gauntlet)
  An ogre (D:6)
  2 bullfrogs
  A gnoll sergeant (D:8)
  A necrophage (D:6)
  2 scorpions
  10 killer bees
  5 jellies
  An orc priest (D:6)
  2 hounds
  3 iguanas
  4 orc wizards
  8 gnolls
  9 adders
  A shadow imp (D:7)
  A white imp (D:7)
  A worm (D:2)
  3 dart slugs
  20 orcs
  4 ball pythons
  2 endoplasms
  3 giant cockroaches
  6 goblins
  5 hobgoblins
  6 kobolds
  4 quokkas
  2 frilled lizards (D:2)
  3 rats
129 creatures vanquished.

Vanquished Creatures (collateral kills)
  A cane toad (Lair:1)
  A bullfrog (Lair:1)
  2 orcs (D:7)
4 creatures vanquished.

Vanquished Creatures (others)
  An ancestor (Lair:2)
  A plant (D:8)
2 creatures vanquished.

Grand Total: 135 creatures vanquished

Notes
Turn   | Place    | Note
-------+----------+-------------------------------------------
     0 | D:1      | lunkers the Meteoran Fighter began the quest for the Orb.
     0 | D:1      | Reached XP level 1. HP: 19/19 MP: 2/2
    93 | D:1      | Reached skill level 3 in Long Blades
    93 | D:1      | Reached XP level 2. HP: 26/26 MP: 3/3
   442 | D:2      | Reached skill level 4 in Long Blades
   442 | D:2      | Reached XP level 3. HP: 26/31 MP: 4/4
   886 | D:2      | Reached XP level 4. HP: 36/38 MP: 3/5
  1108 | D:3      | Reached skill level 5 in Long Blades
  1878 | D:4      | Reached XP level 5. HP: 44/45 MP: 4/6
  2024 | D:5      | Entered Level 5 of the Dungeon
  2055 | D:5      | Reached skill level 6 in Long Blades
  2062 | D:5      | Noticed a water moccasin
  2075 | D:5      | Killed a water moccasin
  2076 | D:5      | Reached skill level 7 in Long Blades
  2076 | D:5      | Reached XP level 6. HP: 14/51 MP: 4/7
  2191 | D:5      | Reached skill level 8 in Long Blades
  2191 | D:5      | Reached XP level 7. HP: 42/57 MP: 8/8
  2313 | D:5      | Found a hazy altar of Hepliaklqana.
  2313 | D:5      | Found a radiant altar of Vehumet.
  2319 | D:5      | Became a worshipper of Hepliaklqana the Forgotten
  2603 | D:6      | Found a staircase to the Ecumenical Temple.
  2645 | D:6      | Reached skill level 9 in Long Blades
  2651 | D:6      | Reached XP level 8. HP: 12/63 MP: 1/9
  2679 | Temple   | Entered the Ecumenical Temple
  2704 | D:6      | Reached skill level 10 in Long Blades
  2746 | D:6      | Reached skill level 1 in Dodging
  2909 | D:6      | Gained mutation: You passively map the area around you.
                  | [Meteoran growth]
  2909 | D:6      | Reached XP level 9. HP: 63/72 MP: 8/10
  2987 | D:6      | Reached skill level 5 in Shields
  3010 | D:6      | Reached * piety under Hepliaklqana
  3142 | D:7      | Identified the +3 long sword "Oliecol" {drain, rC+}
  3231 | D:7      | Noticed an unseen horror
  3256 | D:7      | Killed an unseen horror
  3257 | D:7      | Reached skill level 5 in Fighting
  3359 | D:7      | Reached skill level 11 in Long Blades
  3651 | D:8      | Reached skill level 1 in Evocations
  3655 | D:8      | Reached skill level 5 in Dodging
  3719 | D:8      | Found a staircase to the Lair.
  3749 | Lair:1   | Entered Level 1 of the Lair of Beasts
  3749 | Lair:1   | Noticed a cane toad
  3759 | Lair:1   | Killed a cane toad
  3760 | Lair:1   | Reached XP level 10. HP: 27/74 MP: 4/11
  3865 | Lair:1   | Reached skill level 5 in Evocations
  3946 | Lair:2   | Found a gate leading to a gauntlet.
  3946 | Lair:2   | Noticed a death yak
  3946 | Lair:2   | Noticed a death yak
  3947 | Lair:2   | Noticed a torpor snail
  3947 | Lair:2   | Noticed a black mamba
  3956 | Gauntlet | Entered a Gauntlet
  3956 | Gauntlet | Found a transporter.
  3956 | Gauntlet | Found a transporter.
  3958 | Gauntlet | Noticed a wizard
  3966 | Gauntlet | Found a transporter.
  3966 | Gauntlet | Found the +3 pair of gauntlets of War {Slay+5}
  3970 | Gauntlet | Found a transporter.
  3973 | Gauntlet | Noticed a moth of wrath
  3978 | Gauntlet | Found a transporter.
  3982 | Gauntlet | Found a transporter.
  3984 | Gauntlet | Noticed a death scarab
  3984 | Gauntlet | Noticed a death scarab
  3984 | Gauntlet | Noticed a spectral five-headed hydra
  3985 | Gauntlet | Noticed a spectral four-headed hydra
  3990 | Gauntlet | Found a transporter.
  4004 | Gauntlet | Noticed a spectral wolf spider
  4005 | Gauntlet | Noticed a death drake
  4006 | Gauntlet | Found a transporter.
  4006 | Gauntlet | Noticed a spectral centaur warrior
  4007 | Gauntlet | Reached ** piety under Hepliaklqana
  4010 | Gauntlet | Found a runed translucent door.
  4024 | Gauntlet | Found a transporter.
  4025 | Gauntlet | Found a transporter.
  4027 | Gauntlet | Found a runed translucent door.
  4028 | Gauntlet | Noticed a large abomination
  4029 | Gauntlet | Found a runed translucent door.
  4033 | Gauntlet | Found a transporter.
  4037 | Gauntlet | Found a transporter.
  4116 | Gauntlet | Reached skill level 12 in Long Blades
  4130 | Gauntlet | Killed a moth of wrath
  4315 | Gauntlet | Succumbed to a death drake's foul vapour

Illustrated notes

Levels and vault maps discovered:
D:1:      dpeg_arrival_lava_altar, layout_loops_cross,
          hangedman_decor_diamond_cutter
D:2:      kb_forest_paths, layout_basic
D:3:      layout_basic, minmay_misc_feat_iff
D:4:      layout_loops_corners, serial_shops, nicolae_square_shop, minmay_puff,
          uniq_pikel
D:5:      layout_basic, gammafunk_temple_overflow_wave, minivault_5
D:6:      layout_loops_corners, minmay_temple_entry_trees, serial_shops,
          nicolae_shop_stone, minmay_manual_macuahuitl
D:7:      layout_loops_ring, corexii_corridor_pit, minmay_microvault
D:8:      layout_loops_ring, minitemple, dpeg_oklobed_lair, lightli_minifort,
          uniq_maggie, uniq_maurice
Temple:   nicolae_temple_no_exploring_needed
Lair:1:   layout_cave_pods, hellmonk_ghost_happy_afterlife
Lair:2:   layout_loops_ring, spider_nest_entry_web_field,
          gammafunk_ghost_hydra_chop, gauntlet_entry_generic,
          beast_lair_carwin_10, lemuel_fruit_tree
Gauntlet: minmay_gauntlet_77_indecision [minmay_gauntlet_arena_77_mess,
          minmay_gauntlet_arena_77_checkered,
          minmay_gauntlet_arena_77_broken_ladder,
          minmay_gauntlet_arena_77_cramped,
          minmay_gauntlet_arena_77_double_cross, minmay_gauntlet_arena_77_path,
          nicolae_gauntlet_exit_dead_adventurers]

Skill      XL: |  1  2  3  4  5  6  7  8  9 10 |
---------------+-------------------------------+-----
Long Blades    | 3 4 5 7 8 9 10 11 12 | 12.2
Dodging        | 2 5 7 |  7.2
Shields        | 4 5 |  5.5
Fighting       | 4 6 7 |  7.4
Evocations     | 3 6 |  6.0
Armour         | |  3.6

Action                     |  1- 3 |  4- 6 |  7- 9 | 10-12 || total
---------------------------+-------+-------+-------+-------++-------
  Melee: Long sword        |   125 |    92 |   211 |    71 ||   499
 Invoke: Recall Ancestor   |       |       |     1 |       ||     1
         Ancestor Identity |       |       |     1 |       ||     1
  Evoke: Wand              |       |     3 |     4 |       ||     7
    Use: Potion            |       |     2 |     3 |     2 ||     7
         Scroll            |       |       |    12 |     2 ||    14
   Stab: Invisible         |       |     1 |       |       ||     1
 Armour: Scale mail        |    68 |    43 |    71 |    27 ||   209
  Dodge: Dodged            |    44 |    25 |    94 |    34 ||   197
  Block: Buckler           |    32 |    20 |    63 |    17 ||   132

Table legend: (Time is in decaauts)
 A = Elapsed time spent in this place.
 B = Non-inter-level travel time spent in this place.
 C = Inter-level travel time spent in this place.
 D = Time resting spent in this place.
 E = Time spent auto-exploring this place.
 F = Levels seen in this place.
 G = Mean time per level.
                   A        B        C        D        E       F      G
               +--------+--------+--------+--------+--------+-----+--------+
         Total |   4342 |   4096 |    246 |    127 |   2702 |  12 |  361.8 |
       Dungeon |   3760 |   3515 |    245 |      0 |   2589 |   8 |  470.0 |
        Temple |     20 |     20 |      0 |      0 |      0 |   1 |   20.0 |
          Lair |    201 |    201 |      0 |      0 |    113 |   2 |  100.5 |
      Gauntlet |    360 |    360 |      0 |    127 |      0 |   1 |  360.0 |
               +--------+--------+--------+--------+--------+-----+--------+

Top non-repeatable levels by time:
     D:2: 614 daAuts
     D:6: 560 daAuts
     D:3: 537 daAuts
     D:5: 519 daAuts
     D:4: 495 daAuts
     D:1: 422 daAuts
     D:7: 404 daAuts
Gauntlet: 360 daAuts
     D:8: 206 daAuts
  Lair:1: 130 daAuts
  Lair:2: 70 daAuts
  Temple: 20 daAuts
